 Dungeon Crawl Stone Soup version 0.31-a0-795-g5eb97db20b (webtiles) character file.

Game seed: 13408802379701736161

149 demibob the Poker (level 5, -2/41 HPs)
             Began as a Merfolk Chaos Knight on Sept 19, 2023.
             Was a Plaything of Xom.
             Succumbed to a kobold brigand's poison
             ... on level 3 of the Dungeon.
             The game lasted 00:02:33 (1821 turns).

demibob the Poker (Merfolk Chaos Knight)            Turns: 1821, Time: 00:02:34

Health: -2/41      AC:  4    Str: 13    XL:     5   Next: 31%
Magic:  5/5        EV: 12    Int: 11    God:    Xom [...*..]
Gold:   190        SH:  0    Dex: 15    Spells: 4/4 levels left

rFire   . . .        a - +1 spear (chaos)
rCold   . . .        (no shield)
rNeg    . . .        b - +2 leather armour
rPois   .            (no helmet)
rElec   .            (no cloak)
rCorr   .            d - +0 pair of gloves
SInv    .            (no boots)
Will    .....        (no amulet)
Stlth   +            (no ring)
HPRegen 0.26/turn    (no ring)
MPRegen 0.09/turn

%: no passive effects
@: mighty, lethally poisoned (-2 -> -25), attractive
A: (nimble swimmer 2), mertail, deformed body
a: Renounce Religion


You were on level 3 of the Dungeon.
You worshipped Xom.
You were a favourite toy of Xom.
You visited 1 branch of the dungeon, and saw 3 of its levels.

You collected 190 gold pieces.


Innate Abilities, Weirdness & Mutations

((You are very nimble when in or above water. (Stealth+, EV+, Speed+++)))
Your lower body shifts to a powerful aquatic tail in water.
Armour fits poorly on your strangely shaped body.


   Skills:
 - Level 3.2 Fighting
 + Level 7.7 Polearms
 - Level 0.6 Armour
 - Level 2.6 Dodging


You had 4 spell levels left.
You didn't know any spells.
Your spell library was empty.

Inventory:

Hand Weapons
 a - a +1 spear of chaos (weapon)
Armour
 b - a +2 leather armour (worn)
 d - a +0 pair of gloves (worn)
Scrolls
 c - a scroll of butterflies
 e - a scroll of teleportation {@r2}
 k - a scroll of enchant weapon
Potions
 g - a potion of invisibility
 h - a potion of enlightenment {unknown}

Dungeon Overview and Level Annotations

Branches:
Dungeon (3/15)

Altars:
Xom

###.######..........##
#.......##..########..
#######.#.###.##..# ##..
#.......#...#<##..# #...
#.......#.###.##..# ##...
#.......#...[.##..######....
#.....⚑.########............
#######.....K.⚑..~~~########
#####@###~~~~~~~~~#
#)##~~~~≈~≈~###
#.#####≈≈≈### #.. ##### #...
.gK.. ######.....# #######


You could see a kobold brigand.


Message History

The kobold brigand is severely wounded.
You feel sick.
The kobold brigand hits you with a +2 dagger of venom.
You are more poisoned.
You hit the kobold brigand but do no damage.
The kobold brigand is severely wounded.
You feel sick.
You closely miss the kobold brigand.
The kobold brigand is severely wounded.
You feel sick.
The kobold brigand hits you with a +2 dagger of venom!
* * * LOW HITPOINT WARNING * * *
You are lethally poisoned!
It was a potion of might.
You feel very mighty all of a sudden.
Xom roars with laughter!
* * * LOW HITPOINT WARNING * * *
You feel very sick. The kobold brigand closely misses you.
It was a potion of attraction.
You feel attractive to monsters.
* * * LOW HITPOINT WARNING * * *
You feel very sick.
The kobold brigand hits you with a +2 dagger of venom.
* * * LOW HITPOINT WARNING * * *
You are more poisoned.
It was a potion of mutation.
You feel extremely strange.
Your body twists and deforms.
You die...
Xom chortles!

Skill      XL: |  1  2  3  4 |
---------------+-------------+-----
Polearms       | 5 6 7 |  7.7
Fighting       | |  3.2
Armour         | |  0.6
Dodging        | |  2.6

Action                     |  1- 3 |  4- 6 || total
---------------------------+-------+-------++-------
  Melee: Spear             |   119 |    50 ||   169
         Punch             |     2 |     2 ||     4
    Use: Scroll            |     2 |     3 ||     5
         Potion            |       |     3 ||     3
   Stab: Sleeping          |     4 |     3 ||     7
 Armour: Leather armour    |    32 |    10 ||    42
  Dodge: Dodged            |    36 |    12 ||    48

Levels and vault maps discovered:
D:1:      nagdon_arrival_double_spiral, layout_basic
D:2:      cheibrodos_fertilizer, layout_basic,
          hellmonk_ecumenical_altar_heavens_door, minmay_rat_gold_closets
D:3:      cheibrodos_thug_alley, layout_basic, fedhas_altar_1,
          nicolae_houndstooth_variations

Notes
Turn   | Place    | Note
-------+----------+-------------------------------------------
     0 | D:1      | demibob the Merfolk Chaos Knight began the quest for the
                  | Orb.
     0 | D:1      | Reached XP level 1. HP: 18/18 MP: 1/1
   121 | D:1      | Reached XP level 2. HP: 24/24 MP: 2/2
   201 | D:1      | Reached skill level 5 in Polearms
   498 | D:1      | Reached XP level 3. HP: 25/29 MP: 3/3
   880 | D:2      | Reached skill level 6 in Polearms
   945 | D:2      | XOM: 2-stop teleportation journey
  1070 | D:2      | Reached XP level 4. HP: 35/35 MP: 4/4
  1081 | D:2      | Reached skill level 7 in Polearms
  1091 | D:2      | Reached XP level 5. HP: 26/41 MP: 5/5
  1260 | D:2      | XOM: divination: magic mapping
  1373 | D:2      | XOM: swap monsters
  1424 | D:2      | Found a faded altar of an unknown god.
  1804 | D:3      | Noticed a kobold brigand
  1805 | D:3      | XOM: scenery: create altars
  1820 | D:3      | HP: 2/41 [kobold brigand/+2 dagger of venom (3)]
  1821 | D:3      | Gained mutation: Armour fits poorly on your strangely
                  | shaped body. [potion of mutation]
  1821 | D:3      | Succumbed to a kobold brigand's poison

Vanquished Creatures
  2 jellies (D:2)
  2 adders (D:2)
  A dart slug (D:1)
  13 endoplasms
  2 giant cockroaches (D:1)
  A goblin (D:1)
  5 hobgoblins
  3 jackals (D:2)
  9 kobolds
  2 quokkas (D:1)
  8 ball pythons
  2 bats
  5 frilled lizards
  10 rats
65 creatures vanquished.

Table legend: (Time is in decaauts)
 A = Elapsed time spent in this place.
 B = Non-inter-level travel time spent in this place.
 C = Inter-level travel time spent in this place.
 D = Time resting spent in this place.
 E = Time spent auto-exploring this place.
 F = Levels seen in this place.
 G = Mean time per level.
                   A        B        C        D        E       F      G
               +--------+--------+--------+--------+--------+-----+--------+
         Total |   1783 |   1734 |     49 |     58 |   1359 |   3 |  594.3 |
       Dungeon |   1783 |   1734 |     49 |     58 |   1359 |   3 |  594.3 |
               +--------+--------+--------+--------+--------+-----+--------+

Top non-repeatable levels by time:
     D:2: 890 daAuts
     D:1: 731 daAuts
     D:3: 161 daAuts

Table legend:
 A = Non-vault XP
 B = Vault XP
 C = Vault XP percentage of total XP
 D = Non-vault monster count
 E = Vault monster count
 F = Vault count percentage of total count
                 A         B        C        D         E       F
            +---------+---------+-------+---------+---------+-------
      Total |      89 |     125 |  58.4 |      41 |      24 |  36.9
            +---------+---------+-------+---------+---------+-------
        D:1 |      36 |       0 |   0.0 |      21 |       0 |   0.0
        D:2 |      51 |     122 |  70.5 |      19 |      22 |  53.7
        D:3 |       2 |       3 |  60.0 |       1 |       2 |  66.7
            +---------+---------+-------+---------+---------+-------
